 Dungeon Crawl Stone Soup version 0.29.1-1-gd02db6906a (webtiles) character file.

Game seed: 3768259453623418961

139 MisterFreud the Twirler (level 5, -3/38 HPs)
             Began as a Formicid Gladiator on Oct 1, 2022.
             Slain by a gnoll
             ... wielding a +0 halberd
              (15 damage)
             ... on level 3 of the Dungeon.
             The game lasted 00:02:12 (2902 turns).

MisterFreud the Twirler (Formicid Gladiator)        Turns: 2902, Time: 00:02:13

Health: -3/38      AC:  3    Str: 21    XL:     5   Next: 46%
Magic:  5/5        EV: 12    Int:  7    God:
Gold:   76         SH:  0    Dex: 15    Spells: 4/4 levels left

rFire   . . .      SeeInvis +   a - +0 quarterstaff
rCold   . . .      Faith    .   (no shield)
rNeg    . . .      Spirit   .   b - +0 leather armour
rPois   .          Reflect  .   (helmet unavailable)
rElec   .          Harm     .   (no cloak)
rCorr   .          Rampage  .   (no gloves)
Will    .....                   (no boots)
Stlth   +.........              (no amulet)
HPRegen 0.12/turn               (no ring)
MPRegen 0.09/turn               (no ring)

@: no status effects
A: permanent stasis, dig shafts and tunnels, antennae 3, four strong arms
a: Dig, Shaft Self


You were on level 3 of the Dungeon.
You visited 1 branch of the dungeon, and saw 3 of its levels.

You collected 76 gold pieces.

Inventory:

Hand Weapons
 a - a +0 quarterstaff (weapon)
Missiles
 c - 3 throwing nets (quivered)
 d - a javelin
 h - 6 poisoned darts
Armour
 b - a +0 leather armour (worn)
Scrolls
 e - a scroll of silence {unknown}
 i - 3 scrolls of identify {unknown}
 j - a scroll of vulnerability {unknown}
 m - a scroll of amnesia {unknown}
Potions
 f - a potion of invisibility {unknown}
 g - 2 potions of mutation {unknown}
 k - a potion of cancellation {unknown}
 l - a potion of brilliance {unknown}
 n - a potion of magic {unknown}
 o - a potion of curing {unknown}


   Skills:
 - Level 2.1 Fighting
 + Level 5.7 Staves
 - Level 2.0 Throwing
 - Level 2.6 Dodging


You had 4 spell levels left.
You didn't know any spells.
Your spell library was empty.

Dungeon Overview and Level Annotations

Branches:
Dungeon (3/15)

Altars:


Innate Abilities, Weirdness & Mutations

You cannot be hasted, slowed, berserked, paralysed or teleported.
You can dig through walls and to a lower floor.
You have a pair of large antennae on your head. (SInv)
Your four strong arms can wield two-handed weapons with a shield.


Message History

You closely miss the gnoll.
The gnoll is lightly wounded.
The adder misses you. The gnoll hits you with a +0 halberd!
* * * LOW HITPOINT WARNING * * *
You hit the gnoll but do no damage.
The gnoll is lightly wounded.
The adder misses you. The gnoll closely misses you.
You sock the gnoll!
The gnoll is severely wounded.
The adder bites you but does no damage. The gnoll misses you.
The adder bites you.
* * * LOW HITPOINT WARNING * * *
You hit the gnoll but do no damage.
The gnoll is severely wounded.
The gnoll barely misses you. The adder bites you but does no damage.
You hit the gnoll.
The gnoll is almost dead.
The adder bites you but does no damage. The gnoll closely misses you.
You completely miss the gnoll. You punch the gnoll, but do no damage.
The gnoll is almost dead.
The adder bites you but does no damage. The gnoll barely misses you.
You hit the gnoll.
You kill the gnoll!
The adder bites you but does no damage. The adder barely misses you.
You sock the adder!
You kill the adder!
You start resting.
HP restored.
You climb downwards.
The gnoll hits you but does no damage.
There is a stone staircase leading up here.
A gnoll is nearby!
The gnoll closely misses you.
You barely miss the gnoll. The gnoll hits you with a +0 halberd!
You barely miss the gnoll. The gnoll hits you with a +0 halberd!
You are too injured to fight recklessly!
You are too injured to fight recklessly!
You hit the gnoll.
The gnoll is moderately wounded.
The gnoll hits you with a +0 halberd!
You die...

.(..#####.##.## #...##
#.##.## #...# #......
#...# ####.## #...# .
...# #...# ....>...
#######...####..####..#
.###......g........#
...#
........<@...[.....#
##.#
.#.#................g
.# #######...#####...
#...# # #...# #<..#
#...# # #[..##.####
##..Sg....#


You could see a gnoll.

Vanquished Creatures
  An orc priest (D:2)
  An orc wizard (D:3)
  2 gnolls (D:2)
  3 adders
  A dart slug (D:1)
  2 orcs (D:2)
  5 ball pythons
  3 endoplasms
  5 goblins
  5 hobgoblins
  A quokka (D:1)
  A bat (D:1)
  2 frilled lizards (D:1)
  2 kobolds
  2 rats (D:1)
36 creatures vanquished.

Notes
Turn   | Place    | Note
-------+----------+-------------------------------------------
     0 | D:1      | MisterFreud the Formicid Gladiator began the quest for the
                  | Orb.
     0 | D:1      | Reached XP level 1. HP: 16/16 MP: 1/1
   284 | D:1      | Reached XP level 2. HP: 18/22 MP: 2/2
   783 | D:1      | Reached skill level 4 in Staves
   783 | D:1      | Reached XP level 3. HP: 27/27 MP: 3/3
   811 | D:1      | You fall into a shaft and drop 1 floor!
   965 | D:1      | Found a faded altar of an unknown god.
  2196 | D:3      | Reached XP level 4. HP: 14/33 MP: 4/4
  2525 | D:2      | Reached skill level 5 in Staves
  2575 | D:3      | Reached XP level 5. HP: 31/38 MP: 5/5
  2902 | D:3      | Slain by a gnoll

Illustrated notes

Levels and vault maps discovered:
D:1:      ebering_trefoil_twist, layout_basic,
          hellmonk_ecumenical_altar_leap_of_faith,
          chequers_serial_rivers_micro_c, chequers_serial_rivers_marsh
D:2:      layout_basic
D:3:      layout_loops_cross, minivault_27, uniq_robin

Skill      XL: |  1  2  3  4 |
---------------+-------------+-----
Staves         | 4 5 |  5.7
Fighting       | |  2.1
Throwing       | |  2.0
Dodging        | |  2.6

Action                   |  1- 3 |  4- 6 || total
-------------------------+-------+-------++-------
Melee: Quarterstaff      |    84 |    36 ||   120
       Punch             |     1 |     1 ||     2
 Stab: Sleeping          |     3 |       ||     3
Armor: Leather armour    |    15 |     7 ||    22
Dodge: Dodged            |    47 |    24 ||    71
